 Dungeon Crawl Stone Soup version 0.29-a0-1065-g47a6bb87d6 (webtiles) character file.

Game seed: 12075788686904610342

30 nickcage the Chopper (level 3, -3/30 HPs)
             Began as a Minotaur Gladiator on Aug 18, 2022.
             Slain by an iguana (9 damage)
             ... on level 2 of the Dungeon.
             The game lasted 00:01:45 (804 turns).

nickcage the Chopper (Minotaur Gladiator)            Turns: 804, Time: 00:01:46

Health: -3/30      AC:  6    Str: 20    XL:     3   Next: 3%
Magic:  2/2        EV: 11    Int:  5    God:
Gold:   133        SH:  0    Dex: 11    Spells: 2/2 levels left

rFire   . . .      SeeInvis .   a - +0 war axe
rCold   . . .      Faith    .   (no shield)
rNeg    . . .      Spirit   .   l - +0 ring mail
rPois   .          Reflect  .   c - +0 hat
rElec   .          Harm     .   g - +0 cloak
rCorr   .          Rampage  .   (no gloves)
Will    .....                   (no boots)
Stlth   +.........              (no amulet)
HPRegen 0.10/turn               (no ring)
MPRegen 0.08/turn               (no ring)

@: no status effects
A: horns 2, retaliatory headbutt
a: no special abilities


You were on level 2 of the Dungeon.
You visited 1 branch of the dungeon, and saw 2 of its levels.

You collected 133 gold pieces.

Inventory:

Hand Weapons
 a - a +0 war axe (weapon)
Missiles
 d - 3 throwing nets (quivered)
 e - a javelin
Armour
 b - a +0 leather armour
 c - a +0 hat (worn)
 g - a +0 cloak (worn)
 l - a +0 ring mail (worn)
Scrolls
 j - 2 scrolls of teleportation {unknown}
 k - a scroll of acquirement {unknown}
Potions
 f - 2 potions of mutation {unknown}
 h - a potion of lignification {unknown}
 i - 2 potions of degeneration {unknown}


   Skills:
 - Level 2.4 Fighting
 + Level 5.1 Axes
 - Level 2.0 Throwing
 - Level 3.2 Dodging


You had 2 spell levels left.
You didn't know any spells.
Your spell library contained the following spells:

 Spells                   Type           Power      Damage    Failure   Level
 Ignite Poison            Fire/Tmut/Pois 0%         N/A       95%         3
 Mephitic Cloud           Conj/Pois/Air  0%         N/A       95%         3
 Freezing Cloud           Conj/Ice/Air   0%         6-21      100%        5


Dungeon Overview and Level Annotations

Branches:
Dungeon (2/15)

Altars:


Innate Abilities, Weirdness & Mutations

You have a pair of horns on your head.
You reflexively headbutt those who attack you in melee.


Message History

Found a stone staircase leading down.
An iguana comes into view.
The iguana hisses angrily.
You see here a scroll labelled GEVYURHIWN.
A kobold comes into view. It is wielding a +0 short sword.
Found a stone staircase leading up.
The kobold shouts!
Found 6 gold pieces.
The iguana barely misses you. You furiously retaliate!
You headbutt the iguana, but do no damage.
You barely miss the iguana. You headbutt the iguana.
The iguana is lightly wounded.
The iguana bites you!
You barely miss the iguana. Your headbutt misses the iguana.
The iguana is lightly wounded.
You closely miss the kobold.
The kobold hits you with a +0 short sword.
The iguana bites you.
You are too injured to fight recklessly!
You are too injured to fight recklessly!
You are too injured to fight recklessly!
You are too injured to fight recklessly!
You hit the iguana. Your headbutt misses the iguana.
The iguana is moderately wounded.
You closely miss the kobold. The kobold barely misses you.
The iguana bites you but does no damage.
You hit the iguana.
The iguana is heavily wounded.
You slash the kobold!
You kill the kobold!
The iguana barely misses you. You furiously retaliate!
You headbutt the iguana. The iguana misses you.
You closely miss the iguana. Your headbutt misses the iguana.
The iguana is almost dead.
The iguana bites you!
* * * LOW HITPOINT WARNING * * *
You completely miss the iguana.
You headbutt the iguana, but do no damage.
The iguana is almost dead.
The iguana bites you!
You die...

.......# #..#
.......###..#
......#.....#####
##....#.#.......<
#....#.........#
#....##.#.####.#
>........#.# #.#
###........####.#######.
#.#.#..#...?..@l.....$ #
#.#.....>....)......
.............###.###.
...#...####### #
..###..## # #.## #. #.


You could see an iguana.

Vanquished Creatures
  An adder (D:2)
  2 dart slugs (D:1)
  3 endoplasms
  A giant cockroach (D:1)
  A goblin (D:1)
  A quokka (D:2)
  A ball python (D:2)
  A bat (D:1)
  2 frilled lizards
  3 kobolds
  3 rats
19 creatures vanquished.

Notes
Turn   | Place    | Note
-------+----------+-------------------------------------------
     0 | D:1      | nickcage the Minotaur Gladiator began the quest for the
                  | Orb.
     0 | D:1      | Reached XP level 1. HP: 18/18 MP: 0/0
   120 | D:1      | Reached skill level 4 in Axes
   280 | D:1      | Reached XP level 2. HP: 25/25 MP: 1/1
   715 | D:2      | Reached skill level 5 in Axes
   766 | D:2      | Reached XP level 3. HP: 29/30 MP: 2/2
   804 | D:2      | Slain by an iguana

Illustrated notes

Levels and vault maps discovered:
D:1:      minmay_arrival_arboretum_small, layout_basic, grunt_decor_resistance
D:2:      layout_loops_ring, uniq_sigmund

Skill      XL: |  1  2 |
---------------+-------+-----
Axes           | 4 5 |  5.1
Fighting       | |  2.4
Throwing       | |  2.0
Dodging        | |  3.2

Action                   || total
-------------------------++-------
Melee: War axe           ||    50
       Headbutt          ||     5
Armor: Leather armour    ||    11
       Ring mail         ||     4
       Skin              ||     1
Dodge: Dodged            ||    38

Table legend: (Time is in decaauts)
 A = Elapsed time spent in this place.
 B = Non-inter-level travel time spent in this place.
 C = Inter-level travel time spent in this place.
 D = Time resting spent in this place.
 E = Time spent auto-exploring this place.
 F = Levels seen in this place.
 G = Mean time per level.
                   A        B        C        D        E       F      G
               +--------+--------+--------+--------+--------+-----+--------+
         Total |    817 |    808 |      9 |      0 |    654 |   2 |  408.5 |
       Dungeon |    817 |    808 |      9 |      0 |    654 |   2 |  408.5 |
               +--------+--------+--------+--------+--------+-----+--------+

Top non-repeatable levels by time:
     D:1: 648 daAuts
     D:2: 169 daAuts
